[Event "DVM U12w 2023"]
[Site "Magdeburg"]
[Date "2023.12.29"]
[Round "5"]
[White "Roessling, Laura Marie"]
[Black "Burchardi, Helena"]
[Result "1-0"]
[WhiteElo "1232"]
[BlackElo "1370"]
[PlyCount "181"]
[EventDate "2022.12.27"]
[EventType "team-tourn"]
[EventRounds "7"]
[EventCountry "GER"]
[TimeControl "40/5400+30:1800+30"]
[WhiteClock "0:22:01"]
[BlackClock "0:34:21"]

1. e4 e5 2. Nf3 Nc6 3. Bc4 Bc5 4. c3 Nf6 5. d4 exd4 6. e5 d5 7. Bb5 Ne4 8. cxd4 Bb6 9. Nc3 Bg4 10. Be3 O-O 11. h3 Bh5 12. Qc2 Qe7 13. Nxd5 Qe6 14. Nxb6 axb6 15. Qxe4 Nb4 16. O-O c6 17. Be2 Bg6 18. Qh4 Nc2 19. Rad1 Qxa2 20. Bd3 Bxd3 21. Rxd3 Qxb2 22. Qg3 Nxe3 23. Rxe3 Qc2 24. e6 fxe6 25. Rxe6 b5 26. Re7 Rf7 27. Rxf7 Kxf7 28. Qc7+ Kg8 29. Qxb7 Rf8 30. d5 cxd5 31. Qxd5+ Kh8 32. Qxb5 Qg6 33. Rb1 h6 34. Rb3 Qd6 35. Qb4 Qd1+ 36. Kh2 Rd8 37. Rb2 Qc1 38. Re2 Qc7+ 39. Kg1 Qc1+ 40. Re1 Qc7 41. Qe7 Qc8 42. Ne5 Kh7 43. Qb4 Rf8 44. Qe4+ Qf5 45. Qxf5+ Rxf5 46. Re3 Kg8 47. Kf1 Kh7 48. Ke2 g6 49. Ng4 h5 50. Re7+ Kh8 51. Ne5 Rf6 52. Re8+ Kg7 53. Nf3 Kf7 54. Re5 Kg7 55. Re7+ Kf8 56. Rh7 Kg8 57. Rd7 Kf8 58. Ng5 Kg8 59. h4 Rf5 60. g3 Re5+ 61. Kf3 Rf5+ 62. Ke3 Re5+ 63. Ne4 Kf8 64. Ra7 Kg8 65. Rc7 Kf8 66. Rc5 Re7 67. Kf4 Rf7+ 68. Kg5 Kg7 69. f4 Re7 70. Re5 Rf7 71. f5 gxf5 72. Rxf5 Re7 73. Nf6 Kh8 74. Kxh5 Rf7 75. Kh6 Rg7 76. Re5 Rg6+ 77. Kh5 Rh6+ 78. Kg5 Rg6+ 79. Kf5 Rh6 80. h5 Kg7 81. Re6 Kf7 82. g4 Kg7 83. g5 Kh8 84. Re8+ Kg7 85. gxh6+ Kxh6 86. Rh8+ Kg7 87. Rh7+ Kf8 88. Nd5 Ke8 89. Kf6 Kd8 90. Rc7 Ke8 91. h6 {[%emt 0:00:28] normal} 1-0

[Event "DVM U12w 2023"]
[Site "Magdeburg"]
[Date "2023.12.29"]
[Round "5"]
[White "Gerth, Lydia"]
[Black "Kuhlmann, Naya"]
[Result "1-0"]
[WhiteElo "1214"]
[BlackElo "1005"]
[PlyCount "31"]
[EventDate "2022.12.27"]
[EventType "team-tourn"]
[EventRounds "7"]
[EventCountry "GER"]
[TimeControl "40/5400+30:1800+30"]
[WhiteClock "1:18:26"]
[BlackClock "0:45:33"]

1. e4 e5 2. Nf3 Nc6 3. Bc4 Bc5 4. Nc3 Nf6 5. d3 O-O 6. Bg5 b6 7. Nd5 Be7 8. Nxe7+ Qxe7 9. O-O Bb7 10. Nh4 h6 11. Nf5 Qd8 12. Bh4 Re8 13. c3 Na5 14. Qf3 Kf8 15. Qg3 Nh5 16. Qg4 {[%emt 0:02:22] normal} 1-0

[Event "DVM U12w 2023"]
[Site "Magdeburg"]
[Date "2023.12.29"]
[Round "5"]
[White "Berger, Jennifer"]
[Black "Hladeniuk, Yelyzaveta"]
[Result "0-1"]
[WhiteElo "1210"]
[BlackElo "1362"]
[PlyCount "76"]
[EventDate "2022.12.27"]
[EventType "team-tourn"]
[EventRounds "7"]
[EventCountry "GER"]
[TimeControl "40/5400+30:1800+30"]
[WhiteClock "1:15:13"]
[BlackClock "1:10:53"]

1. e4 c6 2. d4 d5 3. exd5 cxd5 4. Nf3 Nf6 5. h3 Bf5 6. Bf4 e6 7. Bd3 Bxd3 8. Qxd3 Be7 9. Ne5 O-O 10. O-O Nc6 11. Nc3 Qb6 12. Nxc6 bxc6 13. b3 Rac8 14. Na4 Qa5 15. Be3 Ne4 16. f3 Ng3 17. Rfe1 Nf5 18. Bd2 Qc7 19. f4 c5 20. c3 cxd4 21. cxd4 Qc2 22. Qxc2 Rxc2 23. Ba5 Nxd4 24. Rec1 Ne2+ 25. Kf1 Nxc1 26. Nc3 Bf6 27. Bb4 Bxc3 28. Bxc3 Rxc3 29. Kg1 Ne2+ 30. Kh2 Nxf4 31. b4 Rfc8 32. Rb1 Rc1 33. Rb3 R8c2 34. Rg3 Rxa2 35. b5 Rcc2 36. Rf3 Rxg2+ 37. Kh1 Ra1+ 38. Rf1 Rxf1# {[%emt 0:01:01] normal} 0-1

[Event "DVM U12w 2023"]
[Site "Magdeburg"]
[Date "2023.12.29"]
[Round "5"]
[White "Briese, Sophie"]
[Black "Schirmbeck, Lilian"]
[Result "0-1"]
[WhiteElo "1207"]
[BlackElo "1585"]
[PlyCount "56"]
[EventDate "2022.12.27"]
[EventType "team-tourn"]
[EventRounds "7"]
[EventCountry "GER"]
[TimeControl "40/5400+30:1800+30"]
[WhiteClock "0:59:34"]
[BlackClock "0:16:45"]

1. e4 d5 2. exd5 Qxd5 3. Nc3 Qd6 4. d4 Nf6 5. Bd3 a6 6. Bg5 Nc6 7. Nge2 Bg4 8. f3 Bh5 9. a4 O-O-O 10. Be3 Bg6 11. Rb1 Nb4 12. Bxg6 hxg6 13. h3 Nh5 14. Ne4 Qe6 15. Qd2 Nd5 16. Bf2 Qf5 17. g4 Qxf3 18. N4g3 Nxg3 19. Nxg3 Nf4 20. Qc3 Qxc3+ 21. bxc3 Rxh3 22. Rxh3 Nxh3 23. Ne4 Nxf2 24. Kxf2 e6 25. Kf3 Be7 26. Ke3 Rh8 27. c4 f5 28. gxf5 gxf5 {[%emt 0:00:06] normal} 0-1

[Event "DVM U12w 2023"]
[Site "Magdeburg"]
[Date "2023.12.29"]
[Round "5"]
[White "Albrecht, Sidney Jenna"]
[Black "Stepanova, Anhelina"]
[Result "0-1"]
[WhiteElo "1188"]
[BlackElo "1172"]
[PlyCount "68"]
[EventDate "2022.12.27"]
[EventType "team-tourn"]
[EventRounds "7"]
[EventCountry "GER"]
[TimeControl "40/5400+30:1800+30"]
[WhiteClock "0:41:15"]
[BlackClock "1:16:52"]

1. c4 e5 2. Nc3 Nf6 3. g3 Bc5 4. Bg2 a6 5. e3 Nc6 6. Nge2 d6 7. d4 exd4 8. exd4 Ba7 9. O-O h6 10. Re1 O-O 11. b3 Re8 12. Bb2 Bf5 13. Nd5 Nxd5 14. Bxd5 Nb4 15. Nf4 Rxe1+ 16. Qxe1 Nc2 17. Qd1 Nxa1 18. Qxa1 c6 19. Bg2 f6 20. d5 c5 21. h3 Qe7 22. Nh5 Re8 23. Bc3 Rf8 24. g4 Be4 25. f3 Bg6 26. Nf4 Qe3+ 27. Kh1 Qxf4 28. h4 h5 29. g5 Qxh4+ 30. Kg1 Qxg5 31. Kf1 Bd3+ 32. Kf2 Re8 33. Qd1 Re2+ 34. Kf1 Qxg2# {[%emt 0:00:40] normal} 0-1

[Event "DVM U12w 2023"]
[Site "Magdeburg"]
[Date "2023.12.29"]
[Round "5"]
[White "Ruddat, Maila"]
[Black "Kuebart, Ela Marie"]
[Result "1-0"]
[WhiteElo "1187"]
[BlackElo "1325"]
[PlyCount "135"]
[EventDate "2022.12.27"]
[EventType "team-tourn"]
[EventRounds "7"]
[EventCountry "GER"]
[TimeControl "40/5400+30:1800+30"]
[WhiteClock "0:58:31"]
[BlackClock "0:10:58"]

1. e4 e5 2. Nf3 Nc6 3. Bc4 Nf6 4. d3 Bc5 5. c3 d6 6. h3 Be6 7. Bb3 O-O 8. O-O Qd7 9. Re1 Rad8 10. Nbd2 d5 11. Qe2 d4 12. c4 Rfe8 13. Nf1 h6 14. Ng3 a6 15. Bd2 Bb4 16. a3 Bxd2 17. Nxd2 Na5 18. Ba2 b5 19. cxb5 axb5 20. Bxe6 Rxe6 21. Nf5 Rc6 22. Rac1 Rb8 23. Qf3 Kh7 24. Qg3 g6 25. Nh4 Rxc1 26. Rxc1 Qe7 27. Ndf3 Re8 28. Rc2 Nh5 29. Qg4 c6 30. b4 Nb3 31. Rxc6 Rg8 32. Nh2 Nf4 33. g3 h5 34. Qd1 Nxh3+ 35. Kg2 Qd7 36. Rc2 Qe6 37. Rb2 Ng5 38. N4f3 Qh3+ 39. Kg1 Nxf3+ 40. Nxf3 Rc8 41. Rxb3 Qg4 42. Kg2 h4 43. Qh1 g5 44. Qh3 Qxh3+ 45. Kxh3 Rg8 46. g4 Kh6 47. Nxe5 f6 48. Nc6 Rc8 49. Nxd4 Rc1 50. Kg2 f5 51. Nxf5+ Kg6 52. Nd4 Kf6 53. Nxb5 Ke5 54. Nc3 Rc2 55. b5 Kf4 56. b6 Kxg4 57. b7 h3+ 58. Kg1 Kf3 59. b8=Q Rxf2 60. Qf8+ Kg4 61. Qxf2 h2+ 62. Kxh2 Kh5 63. Qg2 g4 64. Rb8 Kg5 65. Rf8 Kh6 66. Rg8 g3+ 67. Qxg3 Kh7 68. Qg6# {[%emt 0:00:42] normal} 1-0

[Event "DVM U12w 2023"]
[Site "Magdeburg"]
[Date "2023.12.29"]
[Round "5"]
[White "Daaboul, Dima"]
[Black "Wilke, Ronja"]
[Result "1-0"]
[WhiteElo "1184"]
[BlackElo "1224"]
[PlyCount "53"]
[EventDate "2022.12.27"]
[EventType "team-tourn"]
[EventRounds "7"]
[EventCountry "GER"]
[TimeControl "40/5400+30:1800+30"]
[WhiteClock "0:45:16"]
[BlackClock "0:25:47"]

1. e4 c6 2. d4 d5 3. Nc3 dxe4 4. Nxe4 Bf5 5. Ng3 Bg6 6. h4 h5 7. Nf3 e6 8. Bd3 Bxd3 9. Qxd3 Bd6 10. Ne4 Ne7 11. Bd2 Nf5 12. O-O-O Qc7 13. Nxd6+ Qxd6 14. Rde1 Nd7 15. Qxf5 Qe7 16. Qd3 O-O-O 17. Ba5 Nb6 18. Qb3 Kc7 19. Qc3 Qf6 20. Rd1 Kb8 21. Qb4 Kc7 22. Rhe1 Qf4+ 23. Kb1 Qg4 24. Ne5 Qf4 25. Qe7+ Kc8 26. Qxf7 Rxd4 27. Qxe6+ {[%emt 0:02:31] normal} 1-0

[Event "DVM U12w 2023"]
[Site "Magdeburg"]
[Date "2023.12.29"]
[Round "5"]
[White "Subocz, Barbara"]
[Black "Ramien, Eva"]
[Result "0-1"]
[WhiteElo "1169"]
[BlackElo "1324"]
[PlyCount "72"]
[EventDate "2022.12.27"]
[EventType "team-tourn"]
[EventRounds "7"]
[EventCountry "GER"]
[TimeControl "40/5400+30:1800+30"]
[WhiteClock "0:55:52"]
[BlackClock "0:30:01"]

1. e4 e5 2. Nf3 Nc6 3. Bb5 Bc5 4. O-O Nf6 5. d3 d6 6. h3 h6 7. Be3 Bd7 8. Nbd2 O-O 9. c3 a6 10. Ba4 b5 11. Bc2 Be6 12. a3 Ba7 13. d4 exd4 14. cxd4 Na5 15. b3 c6 16. Rb1 Re8 17. Nh2 Rb8 18. Qf3 Kf8 19. d5 Bxe3 20. fxe3 cxd5 21. exd5 Bxd5 22. Qf4 Nh5 23. Qf5 Nf6 24. Ng4 Be6 25. Qf4 Nxg4 26. hxg4 Qg5 27. Qxd6+ Kg8 28. Qxa6 Qxe3+ 29. Kh1 Qxd2 30. Be4 Bxg4 31. Rbe1 Be2 32. Qa7 Bxf1 33. Rxf1 Rf8 34. Qc5 Qg5 35. Rf5 Qh4+ 36. Kg1 Qxe4 {[%emt 0:00:22] normal} 0-1

[Event "DVM U12w 2023"]
[Site "Magdeburg"]
[Date "2023.12.29"]
[Round "5"]
[White "Piffczyk, Sandra"]
[Black "Cao, Weiqi"]
[Result "0-1"]
[WhiteElo "1105"]
[BlackElo "1191"]
[PlyCount "148"]
[EventDate "2022.12.27"]
[EventType "team-tourn"]
[EventRounds "7"]
[EventCountry "GER"]
[TimeControl "40/5400+30:1800+30"]
[WhiteClock "0:38:12"]
[BlackClock "1:17:34"]

1. e4 d5 2. exd5 Qxd5 3. Nc3 Qd6 4. d4 Nf6 5. Nb5 Qd8 6. Bf4 Nd5 7. Bg3 c6 8. Na3 Qa5+ 9. Qd2 Qxd2+ 10. Kxd2 Bf5 11. Nf3 e6 12. c3 Be7 13. Bc4 O-O 14. Ke2 Nxc3+ 15. bxc3 Bxa3 16. Bd3 Bxd3+ 17. Kxd3 Nd7 18. Rab1 Rfd8 19. Ke2 b6 20. Rhe1 Nf6 21. Rb3 Be7 22. Bh4 Re8 23. Kf1 Nd5 24. Bxe7 Rxe7 25. c4 Nf6 26. Ne5 c5 27. dxc5 bxc5 28. Rb5 Rc7 29. Rd1 Ne4 30. Rd7 Rxd7 31. Nxd7 Nd2+ 32. Kg1 Rd8 33. Nxc5 Nxc4 34. h3 h6 35. Rb7 a5 36. Rb5 Rd1+ 37. Kh2 Rd2 38. a4 Rxf2 39. Nb3 Rb2 40. Nxa5 Rxb5 41. axb5 Nxa5 42. Kg3 Kf8 43. Kf4 Ke7 44. Ke5 f6+ 45. Kd4 Kd6 46. Ke4 Kc5 47. Kf4 Kxb5 48. Kg4 g6 49. h4 Kc5 50. Kf4 Kd5 51. g4 g5+ 52. hxg5 hxg5+ 53. Kf3 f5 54. gxf5 exf5 55. Kg3 Ke5 56. Kf3 g4+ 57. Kg3 Ke4 58. Kf2 f4 59. Kg2 Ke3 60. Kf1 f3 61. Kg1 Ke2 62. Kh1 f2 63. Kg2 f1=R 64. Kg3 Rg1+ 65. Kh2 Rf1 66. Kg2 Ke1 67. Kg3 Rg1+ 68. Kh2 Rf1 69. Kg2 Rf8 70. Kg3 Rg8 71. Kg2 g3 72. Kg1 g2 73. Kh2 g1=R 74. Kh3 Rh8# {[%emt 0:00:07] normal} 0-1

[Event "DVM U12w 2023"]
[Site "Magdeburg"]
[Date "2023.12.29"]
[Round "5"]
[White "Schmidt Guevara, Daniela"]
[Black "Ulianova, Anna"]
[Result "0-1"]
[WhiteElo "1083"]
[BlackElo "1036"]
[PlyCount "42"]
[EventDate "2022.12.27"]
[EventType "team-tourn"]
[EventRounds "7"]
[EventCountry "GER"]
[TimeControl "40/5400+30:1800+30"]
[WhiteClock "0:25:29"]
[BlackClock "1:20:50"]

1. e4 e5 2. Nf3 Nc6 3. Bc4 Bc5 4. Nc3 Nf6 5. d3 h6 6. O-O d6 7. h3 O-O 8. Bd2 Be6 9. Bxe6 fxe6 10. a3 a5 11. b3 Qe8 12. Qe1 Nh5 13. Nb5 Qg6 14. Be3 Rxf3 15. Bxc5 Nf4 16. g3 Qh5 17. Qd1 Rf8 18. h4 Qg4 19. Re1 Rxg3+ 20. fxg3 Qxg3+ 21. Kf1 Qg2# {[%emt 0:00:45] normal} 0-1

[Event "DVM U12w 2023"]
[Site "Magdeburg"]
[Date "2023.12.29"]
[Round "5"]
[White "Shakhimardanova, Nigina"]
[Black "Grunert, Greta"]
[Result "0-1"]
[WhiteElo "1067"]
[BlackElo "1288"]
[PlyCount "136"]
[EventDate "2022.12.27"]
[EventType "team-tourn"]
[EventRounds "7"]
[EventCountry "GER"]
[TimeControl "40/5400+30:1800+30"]
[WhiteClock "1:39:30"]
[BlackClock "0:33:24"]

1. e4 c6 2. d4 d5 3. Nc3 dxe4 4. Nxe4 Bf5 5. Nc3 e6 6. Nf3 Nf6 7. Bc4 Bb4 8. O-O O-O 9. Bg5 Re8 10. Qd2 Nbd7 11. a3 Ba5 12. b4 Bc7 13. b5 e5 14. d5 c5 15. d6 Ba5 16. Nh4 Bxc3 17. Qxc3 Ne4 18. Qe3 Qxg5 19. Qxg5 Nxg5 20. Nxf5 Ne4 21. Rad1 Rad8 22. Rfe1 Ndf6 23. f3 Nc3 24. Rd3 Na4 25. Rb1 Nb6 26. Ba2 c4 27. Rd2 Re6 28. Rbd1 e4 29. Rd4 exf3 30. gxf3 Re5 31. Ng3 Rd5 32. Bxc4 Nxc4 33. Rxd5 Nxd5 34. Rxd5 Rxd6 35. Rxd6 Nxd6 36. a4 Kf8 37. Kf2 Ke7 38. Ne4 Nxe4+ 39. fxe4 Ke6 40. Ke3 Ke5 41. c4 f5 42. c5 fxe4 43. c6 bxc6 44. bxc6 Kd6 45. Kxe4 Kxc6 46. Kf5 Kc5 47. Ke6 Kb4 48. Kf7 Kxa4 49. Kxg7 h5 50. h4 Kb4 51. Kg6 a5 52. Kxh5 a4 53. Kg6 a3 54. h5 a2 55. h6 a1=Q 56. h7 Qe5 57. Kh6 Qf6+ 58. Kh5 Kc5 59. Kg4 Qg7+ 60. Kf5 Qxh7+ 61. Ke6 Qh5 62. Kd7 Qg6 63. Ke7 Kd5 64. Kd7 Qg7+ 65. Kc8 Qe7 66. Kb8 Qd7 67. Ka8 Kc6 68. Kb8 Qb7# {[%emt 0:00:16] normal} 0-1

[Event "DVM U12w 2023"]
[Site "Magdeburg"]
[Date "2023.12.29"]
[Round "5"]
[White "Lao, Theodora Siyuan"]
[Black "He, Siqi"]
[Result "0-1"]
[WhiteElo "1044"]
[BlackElo "812"]
[PlyCount "140"]
[EventDate "2022.12.27"]
[EventType "team-tourn"]
[EventRounds "7"]
[EventCountry "GER"]
[TimeControl "40/5400+30:1800+30"]
[WhiteClock "1:44:28"]
[BlackClock "1:36:52"]

1. e4 e5 2. Nc3 Nc6 3. g3 Bc5 4. Bg2 Nf6 5. Nge2 d6 6. O-O O-O 7. d3 Be6 8. Bg5 h6 9. Be3 Bb6 10. Re1 Qe7 11. d4 exd4 12. Nxd4 Bxd4 13. Bxd4 Nxd4 14. Qxd4 c5 15. Qd1 Rad8 16. Qe2 Bg4 17. Qe3 a6 18. e5 dxe5 19. Qxe5 Qxe5 20. Rxe5 c4 21. Bxb7 Nd7 22. Re4 Be6 23. Bxa6 Nc5 24. Rxc4 Bxc4 25. Bxc4 Rd2 26. Rc1 Rb8 27. b3 Ra8 28. a4 Rb8 29. Kg2 Nd7 30. Nb5 Ne5 31. Bf1 Rbd8 32. Kh3 Rxf2 33. Bg2 Rc8 34. c4 Rb2 35. Rc3 Nd7 36. Kh4 Rxg2 37. h3 Rb2 38. Nd6 Rb8 39. Nb5 Nc5 40. Nd4 Nxb3 41. Nxb3 R8xb3 42. Rxb3 Rxb3 43. c5 Rb4+ 44. Kh5 Rxa4 45. c6 Ra8 46. Kg4 Rc8 47. Kf5 Rxc6 48. h4 Rf6+ 49. Kg4 Rg6+ 50. Kh3 f5 51. Kg2 f4 52. Kf3 fxg3 53. Kg2 Rg4 54. h5 g6 55. hxg6 Rxg6 56. Kh1 h5 57. Kg2 h4 58. Kh1 h3 59. Kg1 h2+ 60. Kg2 Ra6 61. Kh1 g2+ 62. Kxg2 Rg6+ 63. Kxh2 Kf7 64. Kh3 Kf6 65. Kh4 Rg8 66. Kh5 Kf7 67. Kh6 Kf6 68. Kh7 Rg1 69. Kh8 Kf7 70. Kh7 Rh1# {[%emt 0:00:09] normal} 0-1

[Event "DVM U12w 2023"]
[Site "Magdeburg"]
[Date "2023.12.29"]
[Round "5"]
[White "Weißleder, Emia"]
[Black "Nikitina, Alisa"]
[Result "1-0"]
[WhiteElo "1041"]
[BlackElo "1004"]
[PlyCount "93"]
[EventDate "2022.12.27"]
[EventType "team-tourn"]
[EventRounds "7"]
[EventCountry "GER"]
[TimeControl "40/5400+30:1800+30"]
[WhiteClock "1:07:23"]
[BlackClock "0:22:39"]

1. d4 d5 2. Nc3 Nf6 3. Bf4 a6 4. f3 Bf5 5. g4 Bd7 6. h4 Bb5 7. Qd2 e6 8. a3 Nc6 9. O-O-O a5 10. Nxb5 Nb4 11. Nxc7+ Kd7 12. Nxa8 Qxa8 13. Kb1 Qa7 14. e3 Be7 15. Qc3 Rc8 16. Bb5+ Kd8 17. Qd2 b6 18. Nh3 Rxc2 19. Qe1 Rc8 20. Ng5 Bf8 21. Rc1 Rxc1+ 22. Qxc1 h6 23. Nh3 Nd7 24. Qc3 f6 25. Rc1 Qb7 26. Bc7+ Ke8 27. axb4 axb4 28. Qc6 Qxc6 29. Rxc6 e5 30. Rxb6 exd4 31. Rb8+ Ke7 32. Bxd7 d3 33. Kc1 Kxd7 34. Rxf8 Kxc7 35. Nf4 b3 36. Nxd5+ Kc6 37. Nb4+ Kb5 38. Nxd3 Kc4 39. Nf4 g5 40. Ng6 Kd3 41. hxg5 hxg5 42. e4 Ke3 43. Rxf6 Kd4 44. e5 Kd5 45. e6 Kd6 46. e7+ Kd7 47. Rf8 {[%emt 0:00:07] normal} 1-0

[Event "DVM U12w 2023"]
[Site "Magdeburg"]
[Date "2023.12.29"]
[Round "5"]
[White "Funke, Luise"]
[Black "Fedorova, Marina"]
[Result "1-0"]
[WhiteElo "1018"]
[BlackElo "1144"]
[PlyCount "101"]
[EventDate "2022.12.27"]
[EventType "team-tourn"]
[EventRounds "7"]
[EventCountry "GER"]
[TimeControl "40/5400+30:1800+30"]
[WhiteClock "0:36:41"]
[BlackClock "0:27:55"]

1. e4 Nf6 2. e5 Nd5 3. c4 Nb6 4. c5 Nd5 5. Nc3 Nxc3 6. bxc3 e6 7. d4 d6 8. exd6 cxd6 9. cxd6 Bxd6 10. Nf3 O-O 11. Bd3 Nd7 12. O-O Qe7 13. Re1 Re8 14. Bc2 e5 15. Rb1 a6 16. dxe5 Nxe5 17. Nxe5 Bxe5 18. Re3 Qc7 19. Qh5 g6 20. Qh6 Bd7 21. Bd2 Red8 22. Rd3 Bb5 23. Rh3 f5 24. Bb3+ Kh8 25. Bg5 Rd7 26. Qxg6 Qxc3 27. Rxc3 hxg6 28. Rh3+ Kg7 29. Bh6+ Kf6 30. Re1 Rad8 31. f4 Bd4+ 32. Kh1 g5 33. Bxg5+ Kg6 34. Re6+ Kg7 35. Bxd8 Rxd8 36. Rg3+ Kf8 37. Rg5 Bd3 38. Rh5 Rc8 39. h4 Rc1+ 40. Kh2 Bg1+ 41. Kh3 Bd4 42. Rd6 Rh1+ 43. Kg3 Be2 44. Rxf5+ Ke7 45. Rxd4 Rc1 46. Re5+ Kf6 47. Rxe2 Rc3+ 48. Kg4 Rc5 49. Re6+ Kg7 50. Rd7+ Kf8 51. h5 {[%emt 0:00:00] normal} 1-0

[Event "DVM U12w 2023"]
[Site "Magdeburg"]
[Date "2023.12.29"]
[Round "5"]
[White "Grey, Paula"]
[Black "Özdemir, Anna Valentina"]
[Result "1-0"]
[WhiteElo "1008"]
[BlackElo "693"]
[PlyCount "63"]
[EventDate "2022.12.27"]
[EventType "team-tourn"]
[EventRounds "7"]
[EventCountry "GER"]
[TimeControl "40/5400+30:1800+30"]
[WhiteClock "0:31:53"]
[BlackClock "1:18:50"]

1. e4 e5 2. Nf3 Nc6 3. Bc4 Be7 4. Nc3 d6 5. h3 Nf6 6. d3 O-O 7. O-O Na5 8. Bb3 Nxb3 9. axb3 Be6 10. Ng5 Bc8 11. Nf3 d5 12. exd5 Nxd5 13. Nxe5 Nxc3 14. bxc3 Qd6 15. Bf4 Bf6 16. Ng6 Be5 17. Nxe5 Qf6 18. Bg3 Qg5 19. Qe2 h5 20. h4 Qe7 21. Rfe1 Qc5 22. c4 b5 23. cxb5 Qxb5 24. d4 Qd5 25. Qe4 Qb5 26. Qxa8 Bb7 27. Qxa7 Qd5 28. Nf3 Kh7 29. Qc5 Qd8 30. Qxh5+ Kg8 31. Ng5 f6 32. Qh7# {[%emt 0:01:08] normal} 1-0

[Event "DVM U12w 2023"]
[Site "Magdeburg"]
[Date "2023.12.29"]
[Round "5"]
[White "Nehrukumar, Rithika"]
[Black "Rätsch, Elina"]
[Result "1-0"]
[WhiteElo "989"]
[BlackElo "869"]
[PlyCount "77"]
[EventDate "2022.12.27"]
[EventType "team-tourn"]
[EventRounds "7"]
[EventCountry "GER"]
[TimeControl "40/5400+30:1800+30"]
[WhiteClock "1:17:51"]
[BlackClock "1:25:03"]

1. e4 c6 2. d4 d5 3. Nc3 dxe4 4. Nxe4 Bf5 5. Bd3 Nf6 6. Qe2 e6 7. Bg5 Be7 8. Nf3 h6 9. Bxf6 Bxf6 10. Nxf6+ Qxf6 11. O-O-O Bg4 12. Be4 Bxf3 13. Bxf3 Qg5+ 14. Kb1 O-O 15. h4 Qa5 16. a3 b5 17. Qe5 Nd7 18. Qd6 Nf6 19. Bxc6 Rfd8 20. Qf4 Rac8 21. Bf3 b4 22. Qd2 Rb8 23. g4 h5 24. g5 Nh7 25. Bxh5 e5 26. g6 Nf6 27. gxf7+ Kh8 28. Bg6 Qb5 29. Qxb4 Qxb4 30. axb4 Rxb4 31. dxe5 Rxd1+ 32. Rxd1 Nh7 33. Bxh7 Rb8 34. e6 Kxh7 35. e7 g6 36. e8=Q Rxe8 37. fxe8=Q Kh6 38. h5 a5 39. Qxg6# {[%emt 0:00:40] normal} 1-0

[Event "DVM U12w 2023"]
[Site "Magdeburg"]
[Date "2023.12.29"]
[Round "5"]
[White "Khachaturyan, Viktoria"]
[Black "Martin, Helene"]
[Result "0-1"]
[WhiteElo "987"]
[BlackElo "989"]
[PlyCount "80"]
[EventDate "2022.12.27"]
[EventType "team-tourn"]
[EventRounds "7"]
[EventCountry "GER"]
[TimeControl "40/5400+30:1800+30"]
[WhiteClock "1:23:56"]
[BlackClock "0:50:40"]

1. e4 g6 2. d4 Bg7 3. Nf3 c6 4. Bc4 d6 5. h3 b5 6. Bb3 Nd7 7. Ng5 e6 8. d5 Nc5 9. Qf3 Bf6 10. Nxf7 Kxf7 11. Bg5 Bb7 12. O-O Qe7 13. dxe6+ Ke8 14. Bxf6 Qxf6 15. Qg3 Nxb3 16. axb3 Qxe6 17. Re1 Qe5 18. f4 Qc5+ 19. Kh1 Kd7 20. Qg4+ Kc7 21. e5 Rd8 22. Qe6 Bc8 23. exd6+ Qxd6 24. Qe3 Qd4 25. Qg3 Bf5 26. c3 Qb6 27. c4 Kb8 28. cxb5 Rd3 29. Qh2 Qd4 30. g4 Be4+ 31. Rxe4 Qxe4+ 32. Kg1 Rd1+ 33. Kf2 Qc2+ 34. Kg3 Rd3+ 35. Kh4 Qxh2 36. Kg5 h6+ 37. Kxg6 Qxf4 38. Kg7 Qe5+ 39. Kf7 Rf3+ 40. Kg6 Ne7# {normal} 0-1

[Event "DVM U12w 2023"]
[Site "Magdeburg"]
[Date "2023.12.29"]
[Round "5"]
[White "Trush, Diana"]
[Black "Oschinski, Mathilda"]
[Result "1-0"]
[WhiteElo "980"]
[BlackElo "1155"]
[PlyCount "75"]
[EventDate "2022.12.27"]
[EventType "team-tourn"]
[EventRounds "7"]
[EventCountry "GER"]
[TimeControl "40/5400+30:1800+30"]
[WhiteClock "0:54:29"]
[BlackClock "0:22:16"]

1. e4 c5 2. Nf3 Nc6 3. c3 g6 4. d4 b6 5. d5 Na5 6. b4 cxb4 7. cxb4 Bg7 8. e5 Nb7 9. Bb2 d6 10. a4 e6 11. dxe6 Bxe6 12. a5 bxa5 13. bxa5 Nxa5 14. Qa4+ Qd7 15. Qxa5 Qc8 16. Qa4+ Bd7 17. Qf4 Ne7 18. Bc4 f5 19. exf6 Bxf6 20. Qxf6 Rf8 21. Qh4 Rb8 22. Bc3 Nf5 23. Qe4+ Ne7 24. O-O Bf5 25. Qe2 Kd7 26. Rxa7+ Rb7 27. Bb5+ Nc6 28. Ne5+ Kc7 29. Rxb7+ Qxb7 30. Qc4 Bd7 31. Ba5+ Kb8 32. Nxd7+ Qxd7 33. Bxc6 Qa7 34. Qb5+ Kc8 35. Bd7+ Qxd7 36. Rc1+ Qc7 37. Bxc7 Re8 38. Ba5# {[%emt 0:00:12] normal} 1-0

[Event "DVM U12w 2023"]
[Site "Magdeburg"]
[Date "2023.12.29"]
[Round "5"]
[White "Poberezhna, Anna"]
[Black "Lehmann, Clara Theres"]
[Result "1/2-1/2"]
[WhiteElo "951"]
[BlackElo "781"]
[PlyCount "123"]
[EventDate "2022.12.27"]
[EventType "team-tourn"]
[EventRounds "7"]
[EventCountry "GER"]
[TimeControl "40/5400+30:1800+30"]
[WhiteClock "1:29:50"]
[BlackClock "1:12:03"]

1. e4 e5 2. Nf3 Nc6 3. Bc4 Bc5 4. O-O d6 5. h3 Bd7 6. d3 Qe7 7. Ng5 Nh6 8. Nc3 f6 9. Qh5+ g6 10. Qxh6 fxg5 11. Bxg5 Qf8 12. Qxf8+ Rxf8 13. Nd5 Rc8 14. c3 Rh8 15. Nf6+ Kd8 16. Nxh7+ Ke8 17. Nf6+ Kd8 18. Bf7 Ra8 19. Bxg6 Kc8 20. b4 Bb6 21. b5 Na5 22. Nd5 Kb8 23. Nxb6 axb6 24. f4 Rg8 25. f5 Kc8 26. Rad1 Kb8 27. d4 exd4 28. Rxd4 Bxb5 29. Rf4 Nc6 30. Rd5 Bc4 31. Rd2 Bxa2 32. Rff2 Bc4 33. Kh2 Ne5 34. h4 Ka7 35. Ra2+ Bxa2 36. Rxa2+ Kb8 37. Rxa8+ Kxa8 38. Kh3 c6 39. h5 d5 40. exd5 cxd5 41. f6 b5 42. Kh4 b4 43. cxb4 d4 44. h6 Nxg6+ 45. Kh5 d3 46. f7 Nf4+ 47. Bxf4 Rf8 48. Kg6 b5 49. h7 d2 50. Bxd2 Rxf7 51. h8=Q+ Ka7 52. Kxf7 Kb6 53. Be3+ Kc6 54. g4 Kd5 55. Qd4+ Kc6 56. Qc5+ Kd7 57. Qxb5+ Kd6 58. g5 Kc7 59. Qb6+ Kd7 60. g6 Kc8 61. g7 Kd7 62. g8=Q {[%emt 0:01:05] normal} 1/2-1/2

[Event "DVM U12w 2023"]
[Site "Magdeburg"]
[Date "2023.12.29"]
[Round "5"]
[White "Wieckowicz, Bui Ha My"]
[Black "Böhrer, Lea Marie"]
[Result "1-0"]
[WhiteElo "940"]
[BlackElo "939"]
[PlyCount "77"]
[EventDate "2022.12.27"]
[EventType "team-tourn"]
[EventRounds "7"]
[EventCountry "GER"]
[TimeControl "40/5400+30:1800+30"]
[WhiteClock "0:53:38"]
[BlackClock "1:28:23"]

1. e4 e5 2. Nf3 Nc6 3. Bb5 Nf6 4. Nc3 a6 5. Ba4 Bc5 6. O-O d6 7. d3 Be6 8. Bxc6+ bxc6 9. d4 exd4 10. Nxd4 Bd7 11. Be3 Bb4 12. Qd3 O-O 13. a3 Bxc3 14. Qxc3 Nxe4 15. Qd3 Re8 16. Rfe1 d5 17. f3 f5 18. fxe4 Rxe4 19. Bf2 Qe8 20. Rxe4 dxe4 21. Bg3 c5 22. Qc4+ Kh8 23. Qxc5 h6 24. Bxc7 Rc8 25. Qa5 Kh7 26. Bd6 Rd8 27. Qxa6 Bc8 28. Qb6 e3 29. Bc7 Rxd4 30. Qxd4 e2 31. Bg3 f4 32. Bf2 Ba6 33. Qxf4 Qb8 34. Qxb8 Kg6 35. Qb6+ Kh7 36. Qxa6 e1=Q+ 37. Rxe1 Kg8 38. Qd3 Kh8 39. Re8# {normal} 1-0

[Event "DVM U12w 2023"]
[Site "Magdeburg"]
[Date "2023.12.29"]
[Round "5"]
[White "Du, Melina"]
[Black "Winkler, Anni"]
[Result "0-1"]
[WhiteElo "934"]
[BlackElo "1038"]
[PlyCount "108"]
[EventDate "2022.12.27"]
[EventType "team-tourn"]
[EventRounds "7"]
[EventCountry "GER"]
[TimeControl "40/5400+30:1800+30"]
[WhiteClock "1:11:37"]
[BlackClock "1:09:28"]

1. e4 c5 2. Nf3 Nc6 3. d4 cxd4 4. Nxd4 Nf6 5. Be3 Nxe4 6. Nxc6 bxc6 7. Bd3 Nf6 8. O-O e6 9. Nc3 Be7 10. Qe2 d5 11. Bd4 Bd6 12. Rfe1 O-O 13. Qf3 Be7 14. Bxf6 Bxf6 15. Qh3 h6 16. Re2 e5 17. Bf5 Re8 18. Bxc8 Rxc8 19. Rd1 Qb6 20. b3 Qa5 21. Ra1 e4 22. Ree1 Bxc3 23. Qe3 Bxe1 24. Rxe1 Qxa2 25. Rc1 c5 26. c4 dxc4 27. bxc4 Qb2 28. h3 Qd4 29. Qa3 e3 30. fxe3 Rxe3 31. Qa1 Qxa1 32. Rxa1 Rc3 33. Rxa7 Rxc4 34. g4 Re4 35. Ra5 c4 36. Ra2 c3 37. Rc2 Rd4 38. Kf2 Rd2+ 39. Rxd2 cxd2 40. Ke2 Rd8 41. Kd1 g6 42. h4 f6 43. h5 gxh5 44. gxh5 f5 45. Ke2 d1=Q+ 46. Ke3 Kf7 47. Kf4 Qxh5 48. Ke5 f4+ 49. Kxf4 Rd4+ 50. Ke3 Ra4 51. Kd3 Qh3+ 52. Kc2 Ra2+ 53. Kb1 Rg2 54. Kc1 Qh1# {normal} 0-1